Unix NetHack Version 5.0.0-0 post-release - last build Jun 10 2026 00:39:30 (3ee93aec679c4c4259841fe613dc97188e26a321,branch:main).

Game began 2026-07-03 02:21:00, ended 2026-07-03 13:45:59.

Calendula, neutral female human Wizard

       ----------
       |.........*                  --------
       |...{....-###################...`...|
       |........|  *             ###|...>..|
       |........|   #               |....:.|
       |........|    #              ----.---
       ---|------     #                ##*
          #            #                #####*#
          #             #                  ###
          #              *                  ###        --.---q
          #               `                  #*      * |...(|@
         -|----                              ##*      #....f #
         |....|      -----              .-.--..-      #|`...|
         |....|  ####.....              |%...... *#   #------
         |....|  #   |..{|              |......| ######
         |....-###   |<..|              |......|##
         |....|      |...|              |.......#
         |....|      |...|              |......|
         ------      -----              --------

Calendula the Thaumaturge  St:9 Dx:13 Co:14 In:17 Wi:13 Ch:10  Neutral
Dlvl:4  $:109 HP:0(56) Pw:15(66) AC:4  Xp:7 T:6116 

Latest messages:
 It misses atorox's ghost.
 You hit the rothe.
 It misses atorox's ghost.
 The rothe hits!
 The rothe bites!
 The rothe bites again!
 You kill the rothe!
 You miss the rothe.
 Gargaan misses atorox's ghost.
 Gargaan misses atorox's ghost.
 You miss the rothe.
 Gargaan misses atorox's ghost.
 Atorox's ghost touches you!
 The rothe hits!
 The rothe bites!
 The rothe bites again!
 You hit the rothe.
 Gargaan misses atorox's ghost.
 Atorox's ghost touches you!
 The rothe hits!
 The rothe bites!
 The rothe bites again!
 Gargaan misses atorox's ghost.
 In what direction? 8
 The spell hits the rothe!
 The spell hits it!
 Gargaan misses atorox's ghost.
 Atorox's ghost touches you!
 The rothe hits!
 The rothe bites!
 The rothe bites again!
 Gargaan misses atorox's ghost.
 You hit the rothe.
 Gargaan misses atorox's ghost.
 The rothe hits!
 The rothe bites!
 The rothe bites again!
 Gargaan misses atorox's ghost.
 The air around you begins to shimmer with a golden haze.
 Gargaan misses atorox's ghost.
 The rothe hits!
 The rothe misses!
 The rothe bites!
 You die...
 Do you want your possessions identified? [ynq] (y) y
 Do you want to see your attributes? [ynq] (y) n
 Do you want an account of creatures vanquished? [ynaq] (y) n
 Do you want a list of species genocided? [ynaq] (y) n
 Do you want to see your conduct and achievements? [ynq] (y) n
 Do you want to see the dungeon overview? [ynq] (y) n

Inventory:
 Coins    ('$')
  $ - 109 gold pieces
 Weapons  (')')
  x - 13 rustproof +0 darts
  w - a cursed +0 spear
  a - a blessed +1 quarterstaff (weapon in hands)
 Armor    ('[')
  F - an uncursed very rusty +0 pair of iron shoes
  b - a blessed +2 cloak of magic resistance (being worn)
  f - an uncursed +0 mummy wrapping
 Comestibles  ('%')
  h - 2 uncursed cram rations
 Scrolls  ('?')
  o - an uncursed scroll of confuse monster
  G - an uncursed scroll of identify
  q - a cursed scroll of identify
 Spellbooks  ('+')
  m - an uncursed spellbook of detect food
  l - a blessed spellbook of force bolt
  r - an uncursed spellbook of protection
 Potions  ('!')
  s - an uncursed potion of confusion
  t - a cursed potion of confusion
  g - an uncursed potion of paralysis
 Rings    ('=')
  B - an uncursed +5 ring of increase accuracy
  d - an uncursed ring of teleport control (on left hand)
 Wands    ('/')
  c - a wand of light (0:13)
  u - a wand of locking (0:3)
  v - a wand of make invisible (0:6)
 Tools    ('(')
  p - a bag of tricks (0:12)
  C - a cursed wooden flute
  n - a magic marker (0:20)
  y - an uncursed skeleton key
  H - an uncursed wax candle
 Gems/Stones  ('*')
  i - 2 uncursed agate stones
  z - an uncursed worthless piece of black glass
  k - 2 uncursed worthless pieces of violet glass
  A - an uncursed worthless piece of white glass
  E - an uncursed worthless piece of yellowish brown glass
  J - an uncursed rock

Calendula the Wizard's attributes:

Background:
 You were a Thaumaturge, a level 7 female human Wizard.
 You were neutral, nominally on a mission for Thoth
 who was opposed by Ptah (lawful) and Anhur (chaotic).
 You were right-handed.
 You were in the Dungeons of Doom, on level 4.
 You entered the dungeon 6116 turns ago.
 You had 757 experience points, 523 more were needed to attain level 8.

Basics:
 You had 0 out of 56 hit points.
 You had 15 out of 66 energy points (spell power).
 Your armor class was 4.
 Your wallet contained 109 zorkmids.
 Autopickup was off.

Final Characteristics:
 Your strength was 9 (peak:10, limit:18/100).
 Your dexterity was 13 (peak:16, limit:18).
 Your constitution was 14 (limit:18).
 Your intelligence was 17 (limit:18).
 Your wisdom was 13 (limit:18).
 Your charisma was 10 (limit:18).

Final Status:
 You weren't hungry.
 You were unencumbered.
 You were wielding a quarterstaff.
 You had basic skill with quarterstaff and could have enhanced that.

Final Attributes:
 You were piously aligned.
 You were magic-protected.
 You were telepathic.
 You had teleport control.
 You had a small defense bonus (+3).
 You were warded.
 You are dead.

Miscellaneous:
 You encountered 2 bones levels.
 Total elapsed playing time was 1 hour, 40 minutes and 18 seconds.

Major events:
 Turn
    1: Calendula the neutral female human Wizard entered the dungeon
 1432: attained the rank of Conjurer (level 3)
 4552: performed her first genocide (class s)
 4858: entered the Gnomish Mines
 4872: attained the rank of Thaumaturge (level 6)
 6116: killed by a rothe

Spells:
 Name                 Level Category     Fail Retention
 force bolt             1   attack         0%  91%-100%
 detect food            2   divination    40%  76%-100%
 protection             1   clerical       0%  76%-100%

Skills:
 Fighting Skills
   bare handed combat [Unskilled]
   riding             [Unskilled]
 Weapon Skills
   dagger             [Unskilled]
   knife              [Unskilled]
   axe                [Unskilled]
   short sword        [Unskilled]
   club               [Unskilled]
   mace               [Unskilled]
   quarterstaff       [Basic]
   polearms           [Unskilled]
   spear              [Unskilled]
   trident            [Unskilled]
   sling              [Unskilled]
   dart               [Unskilled]
   shuriken           [Unskilled]
 Spellcasting Skills
   attack spells      [Basic]
   healing spells     [Unskilled]
   divination spells  [Unskilled]
   enchantment spells [Basic]
   clerical spells    [Unskilled]
   escape spells      [Unskilled]
   matter spells      [Unskilled]

Voluntary challenges:
 Character rerolling was not enabled.
 You were an atheist.
 You genocided 4 types of monsters.
 You never polymorphed an object.
 You used no wishes.
Achievements:
 You attained the rank of Conjurer.
 You entered a shop.
 You entered the Gnomish Mines.
 You attained the rank of Thaumaturge.

 The Dungeons of Doom: levels 1 to 4
    Level 1:
    Level 2:
       A grave.
    Level 3:
       A potion shop, an altar, a fountain.
       Stairs down to The Gnomish Mines.
    Level 4: <- You were here.
       Some fountains.
       Final resting place for
          you, killed by a rothe,
          atorox-Tou-Hum-Mal-Neu, killed by a rothe.
 The Gnomish Mines: levels 4 to 6
    Level 4:
    Level 5:
    Level 6:
       Final resting place for
          jvanheel-Rog-Hum-Mal-Cha, killed by a gray unicorn.


Vanquished creatures:
  a leprechaun
  a blue jelly
  a rock piercer
  3 rock moles
  a pony
  a fog cloud
  a shrieker
  5 gnome leaders
  3 gnomish wizards
  a kobold mummy
  a straw golem
  a giant ant
  4 floating eyes
  a kitten
  5 dwarves
  3 homunculi
  a kobold shaman
  2 rothes
  a centipede
  a giant bat
  2 wererats
  6 iguanas
 an acid blob
  a gas spore
  a hobbit
  a hobgoblin
  2 giant rats
  a brown mold
  a yellow mold
  a red mold
 17 gnomes
  a gnome zombie
  2 geckos
  9 jackals
  a fox
  3 kobolds
  2 goblins
  2 sewer rats
  9 grid bugs
 14 lichens
  2 kobold zombies
  7 newts
124 creatures vanquished.

Genocided species:
 giant spiders
 scorpions
 centipedes
 cave spiders
4 species genocided.

Game over:
                       ----------
                      /          \
                     /    REST    \
                    /      IN      \
                   /     PEACE      \
                  /                  \
                  |    Calendula     |
                  |      109 Au      |
                  |   killed by a    |
                  |      rothe       |
                  |                  |
                  |                  |
                  |       2026       |
                 *|     *  *  *      | *
        _________)/\\_//(\/(/\)/\//\/|_)_______

Goodbye Calendula the Wizard...

You died in The Dungeons of Doom on dungeon level 4 with 3507 points,
and 109 pieces of gold, after 6116 moves.
You were level 7 with a maximum of 56 hit points when you died.

